 Dungeon Crawl Stone Soup version 0.27-a0-419-g7a85846853 (webtiles) character file.

Game seed: 12105378941820571449

0 Chiseanne the Skirmisher (level 1, -3/18 HPs)
             Began as a Demonspawn Wanderer on Feb 26, 2021.
             Slain by a kobold
             ... wielding a +0 short sword
              (5 damage)
             ... on level 1 of the Dungeon.
             The game lasted 00:00:14 (130 turns).

Chiseanne the Skirmisher (Demonspawn Wanderer)       Turns: 130, Time: 00:00:15

Health: -3/18      AC:  2    Str: 13    XL:     1   Next: 8%
Magic:  2/2        EV:  8    Int: 15    God:
Gold:   0          SH:  7    Dex:  9    Spells: 2/2 levels left

rFire    . . .     SeeInvis .   a - +0 hand axe
rCold    . . .     Faith    .   b - +0 kite shield
rNeg     . . .     Spirit   .   e - +0 robe
rPois    .         Reflect  .   (no helmet)
rElec    .         Harm     .   (no cloak)
rCorr    .         Rampage  .   (no gloves)
Will     .....                  (no boots)
Stlth    +.........             (no amulet)
HPRegen  0.06/turn              (no ring)
MPRegen  0.08/turn              (no ring)

@: no status effects
A: no striking features
a: no special abilities


You were on level 1 of the Dungeon.
You visited 1 branch of the dungeon, and saw 1 of its levels.

Inventory:

Hand Weapons
 a - a +0 hand axe (weapon)
 c - a +0 shortbow
Missiles
 d - 26 arrows
Armour
 b - a +0 kite shield (worn)
 e - a +0 robe (worn)
Scrolls
 f - a scroll of enchant armour {unknown}


   Skills:
 * Level 3.0 Fighting
 - Level 1.0 Bows
 - Level 1.0 Throwing
 - Level 1.0 Armour
 * Level 0.0 Dodging
 * Level 1.0 Shields
 - Level 1.0 Spellcasting
 - Level 1.7 Ice Magic


You had 2 spell levels left.
You didn't know any spells.
Your spell library was empty.

Dungeon Overview and Level Annotations

Branches:
Dungeon (1/15)

Altars:


Message History

You hit the bat but do no damage. You hit the kobold but do no damage.
You block the bat's attack. The bat hits you. You block the bat's attack.
You block the kobold's attack. The bat hits you but does no damage.
The kobold hits you with a +0 short sword.
You barely miss the bat. You closely miss the kobold. The bat misses you.
The bat hits you but does no damage. The kobold barely misses you.
You closely miss the bat. You hit the kobold. You block the bat's attack. x2
The kobold closely misses you. You block the bat's attack.
The kobold hits you with a +0 short sword.
You are too injured to fight recklessly!
You are too injured to fight recklessly!
You are too injured to fight recklessly!
You are too injured to fight recklessly!
You are too injured to fight recklessly!
You are too injured to fight recklessly!
You are too injured to fight recklessly!
You are too injured to fight recklessly!
You are too injured to fight recklessly!
You are too injured to fight recklessly!
You are too injured to fight recklessly!
You are too injured to fight recklessly!
You are too injured to fight recklessly!
You are too injured to fight recklessly!
You are too injured to fight recklessly!
You are too injured to fight recklessly!
You are too injured to fight recklessly!
You are too injured to fight recklessly!
You are too injured to fight recklessly!
You are too injured to fight recklessly!
You closely miss the bat. You closely miss the kobold. The bat hits you.
The kobold hits you with a +0 short sword.
* * * LOW HITPOINT WARNING * * *
You block the bat's attack. The bat barely misses you.
You closely miss the kobold.
The kobold is moderately wounded.
The kobold hits you with a +0 short sword.
* * * LOW HITPOINT WARNING * * *
The kobold hits you with a +0 short sword.
You die...

#.##........# .......
#. #.##.#### #.#
.#.#.#. #.......#
#.##......
####.##.###.#...###..
#.##.......#......
#........#.l.#
###########b## #K#
#@# #.# #.# #.# #.#
#.# ... ..#


You could see a bat, a kobold and a frilled lizard.

Vanquished Creatures
  A rat (D:1)
1 creature vanquished.

Notes
Turn   | Place    | Note
-------+----------+-------------------------------------------
     0 | D:1      | Chiseanne the Demonspawn Wanderer began the quest for the
                  | Orb.
     0 | D:1      | Chiseanne set off with the following items: a +0 hand axe,
                  | a +0 kite shield, a +0 shortbow, 26 arrows, a +0 robe
     0 | D:1      | Reached XP level 1. HP: 18/18 MP: 2/2
   130 | D:1      | Slain by a kobold

Illustrated notes

Levels and vault maps discovered:
D:1:      dpeg_arrival_tiny_a, layout_loops_corners, glass_columns_b,
          due_unseen_surprise

Action                   || total
-------------------------++-------
Melee: Hand axe          ||     7
Armor: Robe              ||     2
Dodge: Dodged            ||     6
Block: Kite shield       ||     8

Table legend: (Time is in decaauts)
 A = Elapsed time spent in this place.
 B = Non-inter-level travel time spent in this place.
 C = Inter-level travel time spent in this place.
 D = Time resting spent in this place.
 E = Time spent auto-exploring this place.
 F = Levels seen in this place.
 G = Mean time per level.
                   A        B        C        D        E       F      G
               +--------+--------+--------+--------+--------+-----+--------+
         Total |    133 |    133 |      0 |      0 |    115 |   1 |  133.0 |
       Dungeon |    133 |    133 |      0 |      0 |    115 |   1 |  133.0 |
               +--------+--------+--------+--------+--------+-----+--------+

Top non-repeatable levels by time:
     D:1: 133 daAuts
